AoeStats
← DKing

Black Forest

509728043Analyzed
4v4 RM · 5d ago on Sep 27, 2026· 22m 57s· 8 players
Game mode
Random Map
Map size
Large (8 player)
Population
200
Speed
Normal
Resources
Standard
Victory
Conquest
Starting age
Dark Age
Ending age
Imperial Age
RankedLock teamsTeams togetherTeam positionsShared explorationLock speedFull tech treeHidden civsTurbo modeCheats
Victory
Defeat
🇪🇸 Inca · Spain
1265
+16
🇵🇹 Khmer · Portugal
1264
+16
🇧🇷 Saracens · Brazil
1242
+17
1227
+17
🇩🇪 Berbers · Germany
1280
-17
🇩🇪 Spanish · Germany
1265
-17
🇩🇪 Mongols · Germany
1258
-16
🇩🇪 Bohemians · Germany
1243
-16
タタールが村に入った5番
5:42 Loom
8:47 Feudal Age
11:57 Scale Barding Armor
12:56 Forging
15:44 Double-Bit Axe
20:47 Castle Age
20:16 Bloodlines
20:49 Light Cavalry
21:30 Husbandry
22:13 Chain Barding Armor
CampaCar
0:50 Loom
11:10 Feudal Age
11:56 Double-Bit Axe
12:00 Champi Runner
13:35 Arson
Fs.hiGhly_
7:39 Loom
9:31 Feudal Age
16:14 Fletching
18:53 Padded Archer Armor
DKing
5:32 Loom
11:09 Feudal Age
14:24 Castle Age
13:19 Double-Bit Axe
13:15 Horse Collar
18:39 Husbandry
19:11 Bow Saw
21:55 Pikeman
[CU] MatthiasKF
1:11 Loom
14:44 Feudal Age
16:05 Wheelbarrow
15:18 Double-Bit Axe
20:07 Castle Age
Julian X!
12:28 Feudal Age
17:32 Castle Age
18:23 Fletching
18:24 Double-Bit Axe
18:20 Crossbowman
[GER]MadMaXX
1:02 Loom
12:11 Feudal Age
15:34 Man-at-Arms
16:21 Scale Mail Armor
16:31 Forging
Scorpison
0:56 Loom
12:20 Feudal Age
16:28 Castle Age
16:46 Double-Bit Axe
Connection lost

Rejoining the realm…

Still unreachable

The connection could not be restored.

Session expired

The server has moved on; the page needs a fresh start.